 Dungeon Crawl Stone Soup version 0.28.0-45-g0d030f2227 (webtiles) character file.

Game seed: 3302424889528150124

77 Descartes the Grasshopper (level 4, -2/33 HPs)
             Began as a Formicid Warper on Apr 11, 2022.
             Was an Initiate of Ashenzari.
             Slain by a black bear (5 damage)
             ... on level 3 of the Dungeon.
             The game lasted 00:04:59 (3271 turns).

Descartes the Grasshopper (Formicid Warper)         Turns: 3271, Time: 00:04:59

Health: -2/33      AC: 10    Str: 17    XL:     4   Next: 58%
Magic:  7/7        EV:  7    Int: 13    God:    Ashenzari [......]
Gold:   86         SH:  0    Dex: 10    Spells: 7/7 levels left

rFire   . . .      SeeInvis +   a - +0 hand axe
rCold   . . .      Faith    .   (no shield)
rNeg    . . .      Spirit   .   l - +0 chain mail
rPois   .          Reflect  .   (helmet unavailable)
rElec   .          Harm     .   (no cloak)
rCorr   .          Rampage  .   j - +0 pair of gloves "Overhang to Understand" {Fort, Bglg} (curse)
Will    +....                   (no boots)
Stlth   ..........              (no amulet)
HPRegen 0.11/turn               o - ring of willpower
MPRegen 0.10/turn               (no ring)

@: no status effects
A: permanent stasis, dig shafts and tunnels, antennae 3, four strong arms
a: Dig, Shaft Self, Renounce Religion, Curse Item, Shatter the Chains


You were on level 3 of the Dungeon.
You worshipped Ashenzari.
Ashenzari was noncommittal.
You visited 1 branch of the dungeon, and saw 4 of its levels.

You collected 86 gold pieces.

Inventory:

Hand Weapons
 a - a +0 hand axe (weapon)
Missiles
 c - 5 boomerangs of dispersal (quivered)
 n - 5 poisoned darts
 q - 12 stones
Armour
 b - a +0 leather armour
 j - the cursed +0 pair of gloves "Overhang to Understand" (worn) {Fort, Bglg}
   (You found it on level 1 of the Dungeon)

   It has a curse which improves the following skills: Fortitude: Armour and
   Shields.
   Beguiling: Conjurations, Hexes and Translocations.
 l - a +0 chain mail (worn)
Jewellery
 o - a ring of willpower (left hand)
Scrolls
 e - 2 scrolls of identify {unknown}
 g - 2 scrolls of magic mapping {unknown}
 m - a scroll of vulnerability {unknown}
Potions
 d - a potion of lignification {unknown}
 f - a potion of mutation {unknown}
 h - a potion of attraction {unknown}
 i - 2 potions of curing {unknown}
 k - a potion of flight {unknown}
 p - a potion of berserk rage {unknown}
 r - a potion of might {unknown}


   Skills:
 - Level 2.1 Fighting
 + Level 3.0 Axes
 - Level 1.0 Throwing
 + Level 2.6(3.0) Armour
 - Level 1.7 Dodging
 - Level 2.1 Spellcasting
 + Level 3.4(3.8) Translocations


You had 7 spell levels left.
You didn't know any spells.
Your spell library contained the following spells:

 Spells                   Type           Power      Damage    Failure   Level
 Gell's Gravitas          Tloc           11%        N/A       93%         3
 Lesser Beckoning         Tloc           11%        N/A       93%         3
 Teleport Other           Tloc           11%        N/A       93%         3
 Manifold Assault         Tloc           11%        N/A       100%        5
 Blink                    Tloc           Unusable   N/A       N/A         2

Dungeon Overview and Level Annotations

Branches:
Dungeon (4/15)
 Temple: D:4-7

Altars:
Ashenzari

Shops:
D:2 [


Innate Abilities, Weirdness & Mutations

You cannot be hasted, slowed, berserked, paralysed or teleported.
You can dig through walls and to a lower floor.
You have a pair of large antennae on your head. (SInv)
Your four strong arms can wield two-handed weapons with a shield.


Message History

The black bear claws you but does no damage. x2
The black bear bites you. The black bear claws you.
The black bear claws you but does no damage.
You are too injured to fight recklessly!
You are too injured to fight recklessly!
You are too injured to fight recklessly!
You are too injured to fight recklessly!
You are too injured to fight recklessly!
You are too injured to fight recklessly!
You are too injured to fight recklessly!
You are too injured to fight recklessly!
You are too injured to fight recklessly!
You are too injured to fight recklessly!
You are too injured to fight recklessly!
You are too injured to fight recklessly!
You are too injured to fight recklessly!
You are too injured to fight recklessly!
You are too injured to fight recklessly!
You hit the black bear.
The black bear is moderately wounded.
The black bear completely misses you.
The black bear claws you but does no damage. x2
You slash the black bear!
The black bear is heavily wounded.
The black bear bites you!
* * * LOW HITPOINT WARNING * * *
The black bear completely misses you. The black bear closely misses you.
You slash the black bear!
The black bear is almost dead.
The black bear goes berserk!
You barely miss the black bear.
The black bear is almost dead.
The black bear bites you but does no damage.
The black bear claws you.
* * * LOW HITPOINT WARNING * * *
The black bear claws you but does no damage.
The black bear bites you.
* * * LOW HITPOINT WARNING * * *
The black bear closely misses you. The black bear claws you.
You die...

#.# #.# #.# #####.#
##.# #.# ....#.# #..#
#.# ###.#.# #.## #####
#.# ##.#.# #.# #...#
#.# #....#
#.######...### #<#
##.#.#
#............####.#
#.#.#
#..###h†......<...#
###.#.#####..#
#@......######
.............#
###...#.#
......######.# #...#.#
###.### ##.## #.###.#
#.#######...####.# #.#
#.##..........##.###.#
#.##.####..###....##.#
#.##[# ##.# #.......#
###.##.# #.###....####


You could see a black bear (berserk).

Vanquished Creatures
  A gnoll (D:3)
  2 adders
  An adder skeleton (D:3)
  3 dart slugs
  2 bats
  An endoplasm (D:2)
  3 giant cockroaches (D:3)
  3 goblins
  4 hobgoblins
  2 jackals (D:2)
  A quokka (D:2)
  5 ball pythons
  4 frilled lizards
  5 kobolds
  2 rats
39 creatures vanquished.

Notes
Turn   | Place    | Note
-------+----------+-------------------------------------------
     0 | D:1      | Descartes the Formicid Warper began the quest for the Orb.
     0 | D:1      | Reached XP level 1. HP: 16/16 MP: 3/3
   221 | D:1      | Found a faded altar of an unknown god.
   234 | D:1      | Prayed at the altar of an unknown god.
   234 | D:1      | Became a worshipper of Ashenzari the Shackled
   624 | D:1      | Reached XP level 2. HP: 15/22 MP: 5/5
  1688 | D:2      | Found Vonecv Jize's Armour Shoppe.
  1905 | D:2      | Reached XP level 3. HP: 27/27 MP: 6/6
  2524 | D:3      | Reached XP level 4. HP: 32/33 MP: 7/7
  3128 | D:4      | Noticed a black bear
  3271 | D:3      | Slain by a black bear

Illustrated notes

Levels and vault maps discovered:
D:1:      dpeg_arrival_tiny_a, layout_basic, basic_ecumenical_altar,
          serial_aquarium, aquarium_bridge_square [aquarium_subvault_window,
          aquarium_subvault_window, aquarium_subvault_bridge,
          aquarium_subvault_bridge], aquarium_window_1, aquarium_window_fake,
          aquarium_window_1, aquarium_window_2, aquarium_view_2c,
          aquarium_pool_five, glass_columns_a
D:2:      layout_basic, serial_shops, shop
D:3:      layout_loops_ring, minmay_box_of_dots
D:4:      layout_cave_pools, nicolae_elyvilon_peaceful_grove, temple_fountains,
          serial_shops, shop, minivault_4, small_statue_intersection

Skill      XL: |  1  2  3  4 |
---------------+-------------+-----
Translocations | 3 |  3.4
Armour         | 2 |  2.6
Axes           | 3 |  3.0
Fighting       | |  2.1
Throwing       | |  1.0
Dodging        | |  1.7
Spellcasting   | |  2.1

Action                   |  1- 3 |  4- 6 || total
-------------------------+-------+-------++-------
Melee: Hand axe          |   123 |    46 ||   169
       Punch             |     1 |     2 ||     3
Invok: Curse Item        |     1 |       ||     1
Armor: Leather armour    |    18 |       ||    18
       Chain mail        |    68 |    49 ||   117
Dodge: Dodged            |    67 |    30 ||    97
